 Dungeon Crawl Stone Soup version 0.31-a0-18-gea43df2a32 (webtiles) character file.

Game seed: 12315445195636401419

940 CowFu the Slasher (level 7, -7/61 HPs)
             Began as a Minotaur Fighter on May 9, 2023.
             Was an Initiate of the Shining One.
             Killed from afar by an orc wizard (9 damage)
             ... with a magic dart
             ... on level 6 of the Dungeon.
             The game lasted 00:06:28 (3768 turns).

CowFu the Slasher (Minotaur Fighter)                Turns: 3768, Time: 00:06:28

Health: -7/61      AC:  6    Str: 23    XL:     7   Next: 88%
Magic:  6/6        EV: 12    Int:  6    God:    the Shining One [......]
Gold:   115        SH: 10    Dex:  9    Spells: 6/6 levels left

rFire   . . .        a - +0 long sword
rCold   . . .        c - +0 buckler
rNeg    . . .        C - +1 toga "Victory" {*Victory Int+1 Slay+1 Clar}
rPois   .            (helmet restricted)
rElec   .            v - +0 cloak
rCorr   .            D - +0 pair of gloves
SInv    .            (no boots)
Will    .....        y - amulet of reflection
Stlth   +            (no ring)
HPRegen 0.30/turn    (no ring)
MPRegen 0.10/turn

%: reflection, clarity
@: glowing
A: horns 2, retaliatory headbutt
a: Renounce Religion


You were on level 6 of the Dungeon.
You worshipped the Shining One.
The Shining One was noncommittal.
You visited 2 branches of the dungeon, and saw 7 of its levels.

You collected 335 gold pieces.
You spent 220 gold pieces at shops.

Inventory:

Hand Weapons
 a - a +0 long sword (weapon)
 b - a +0 rapier
Armour
 c - a +0 buckler (worn)
 v - a +0 cloak (worn)
 C - the +1 toga "Victory" (worn) {*Victory Int+1 Slay+1 Clar}
   (You found it on level 5 of the Dungeon)

   *Victory:  When the wearer kills a threatening monster, it has a chance to
   gain +1 AC, +1 Slay, and +1 Int, capping at +7.
   When the wearer uses a scroll or a potion with a hostile monster in sight,
   its bonuses reset to +0.
   Unequipping it also resets its bonuses to +0.
   Int:       It affects your intelligence (+1).
   Slay:      It affects your accuracy & damage with ranged weapons and melee
   (+1).
   Clar:      It protects you from confusion, rage, mesmerisation and fear.
 D - a +0 pair of gloves (worn)
Jewellery
 y - an amulet of reflection (around neck)
Wands
 d - a wand of roots (11)
 x - a wand of light (11)
Scrolls
 e - 11 scrolls of identify {unknown}
 h - 7 scrolls of teleportation {unknown}
 j - 2 scrolls of magic mapping {unknown}
 k - 2 scrolls of butterflies {unknown}
 l - a scroll of fog {unknown}
 m - 2 scrolls of fear {unknown}
 n - a scroll of silence {unknown}
 o - a scroll of immolation {unknown}
 u - 2 scrolls of enchant weapon {unknown}
 A - 2 scrolls of poison {unknown}
 B - 2 scrolls of brand weapon {unknown}
Potions
 f - 3 potions of resistance {unknown}
 g - 2 potions of heal wounds
 i - 2 potions of flight {unknown}
 p - a potion of curing {unknown}
 q - a potion of lignification {unknown}
 r - 3 potions of mutation {unknown}
 s - 3 potions of magic {unknown}
 t - a potion of degeneration {unknown}
 w - 2 potions of attraction {unknown}
 z - a potion of haste {unknown}


   Skills:
 + Level 5.6 Fighting
 * Level 6.7 Long Blades
 + Level 5.7 Armour
 + Level 3.7 Dodging
 + Level 5.6 Shields


You had 6 spell levels left.
You didn't know any spells.
Your spell library contained the following spells:

 Spells                   Type           Power      Damage    Failure   Level
 Passage of Golubria      Tloc           0%         N/A       99%         4
 Silence                  Hex/Air        0%         N/A       100%        5
 Lehudib's Crystal Spear  Conj/Erth      0%         10d2      100%        8


Dungeon Overview and Level Annotations

Branches:
Dungeon (6/15)             Temple (1/1) D:5

Altars:
Ashenzari
Cheibriados
Dithmenos
Elyvilon
Fedhas
Hepliaklqana
Kikubaaqudgha
Makhleb
Okawaru
Ru
Sif Muna
Wu Jian
Xom
Yredelemnul
The Shining One

Shops:
D:2 *   D:5 *


Innate Abilities, Weirdness & Mutations

You have a pair of horns on your head.
You reflexively headbutt those who attack you in melee.


Message History

Okay, then.
You hit the adder.
The adder is heavily wounded.
The adder bites you.
* * * LOW HITPOINT WARNING * * *
You block the adder's attack.
You hit the adder.
The adder is almost dead.
You block the adder's attack.
You slash the adder!
You kill the adder!
The orc wizard gestures at you while chanting.
The puff of flame misses you.
You hit the orc warrior but do no damage.
The orc warrior is severely wounded.
You block the orc warrior's attack.
You hit the orc warrior but do no damage.
The orc warrior is severely wounded.
The orc warrior closely misses you. You furiously retaliate!
You headbutt the orc warrior. You barely miss the orc warrior.
You headbutt the orc warrior.
The orc warrior is severely wounded.
You block the orc warrior's attack.
You barely miss the orc warrior. Your headbutt misses the orc warrior.
The orc warrior is severely wounded.
The orc wizard casts a spell.
The orc wizard flickers and vanishes!
Deactivating autopickup; reactivate with Ctrl-A.
You block the orc warrior's attack.
You hit the orc warrior. You headbutt the orc warrior.
The orc warrior is almost dead.
The orc warrior hits you with a +0 dire flail!
* * * LOW HITPOINT WARNING * * *
You slash the orc warrior!
You kill the orc warrior!
You barely miss the orc. You headbutt the orc!
You kill the orc!
A magic dart appears from out of thin air!
The magic dart hits you!
You die...

#...#...##.....# #.....
. #....##......####.....
.! #...##...............
...#....................
..)............####.....
.......))......# #.....
#.....?{.....).# #.####
....###)###....# #. #
#@# ###...... #...#
.#..## .##...#.#### ..
##...# ... ... .... ..
..... . ......


There were no monsters in sight!

Vanquished Creatures
  Grinder (D:5)
  An orc warrior (D:6)
  A sky beast (D:4)
  2 scorpions (D:5)
  2 hounds
  An orc priest (D:6)
  2 iguanas
  4 gnolls (D:4)
  15 adders
  A shadow imp (D:3)
  2 dart slugs
  10 orcs
  4 bats
  8 endoplasms
  4 giant cockroaches
  4 goblins
  6 hobgoblins
  13 jackals
  4 quokkas
  13 ball pythons
  3 frilled lizards
  11 kobolds
  8 rats
120 creatures vanquished.

Notes
Turn   | Place    | Note
-------+----------+-------------------------------------------
     0 | D:1      | CowFu the Minotaur Fighter began the quest for the Orb.
     0 | D:1      | Reached XP level 1. HP: 19/19 MP: 0/0
    44 | D:1      | Reached XP level 2. HP: 26/27 MP: 1/1
   150 | D:1      | Reached skill level 3 in Long Blades
   189 | D:1      | Reached skill level 1 in Dodging
   318 | D:1      | Reached XP level 3. HP: 33/33 MP: 2/2
   737 | D:2      | Found Gutus's General Store.
   756 | D:2      | Bought a potion of heal wounds for 70 gold pieces
   777 | D:2      | Reached XP level 4. HP: 34/40 MP: 3/3
  1114 | D:3      | Reached skill level 4 in Long Blades
  1217 | D:3      | Found a basalt altar of Yredelemnul.
  1438 | D:3      | Reached XP level 5. HP: 46/46 MP: 4/4
  1661 | D:3      | Found a blossoming altar of Fedhas.
  2027 | D:4      | Noticed a sky beast
  2036 | D:4      | Killed a sky beast
  2037 | D:4      | Reached XP level 6. HP: 34/53 MP: 5/5
  2297 | D:4      | Reached skill level 5 in Long Blades
  2494 | D:4      | Reached skill level 5 in Armour
  2591 | D:5      | Entered Level 5 of the Dungeon
  2606 | D:5      | Found Coduneuk's Assorted Antiques.
  2620 | D:5      | Bought a scroll labelled USSUZ XAUM for 25 gold pieces
  2620 | D:5      | Bought a scroll labelled HENIAM PUOMM for 25 gold pieces
  2620 | D:5      | Bought a scroll labelled RICSISIPNO for 25 gold pieces
  2620 | D:5      | Bought a scroll labelled HENIAM PUOMM for 25 gold pieces
  2620 | D:5      | Bought 2 scrolls labelled HENIAM PUOMM for 50 gold pieces
  2684 | D:5      | Reached skill level 5 in Fighting
  2777 | D:5      | Found the +0 toga "Victory" {*Victory Clar}
  2813 | D:5      | Reached skill level 5 in Shields
  2824 | D:5      | Reached XP level 7. HP: 44/61 MP: 6/6
  3017 | D:5      | Found an iron altar of Okawaru.
  3038 | D:5      | Found a staircase to the Ecumenical Temple.
  3047 | Temple   | Entered the Ecumenical Temple
  3072 | Temple   | Became a worshipper of the Shining One
  3390 | D:5      | Noticed Grinder
  3414 | D:5      | Paralysed by Grinder for 2 turns
  3423 | D:5      | Paralysed by Grinder for 5 turns
  3433 | D:5      | Paralysed by Grinder for 4 turns
  3437 | D:5      | Killed Grinder
  3438 | D:5      | Reached skill level 6 in Long Blades
  3766 | D:6      | HP: 1/61 [orc warrior/+0 dire flail (15)]
  3768 | D:6      | Killed from afar by an orc wizard

Illustrated notes

Levels and vault maps discovered:
D:1:      mushboom_english_gardens, layout_rooms
D:2:      layout_rooms, serial_shops, shop
D:3:      layout_loops_ring, mainiacjoe_overflow_alcove_4,
          nicolae_overflow_crystal_walls, minmay_misc_feat_rugged,
          minmay_misc_feat_ornament
D:4:      layout_rooms, grunt_ministairs_12, minmay_misc_feat_iff
D:5:      layout_gridville, okawaru_metal_pillars_1_2,
          minmay_temple_entry_large_hall, serial_shops, shop_statue,
          nicolae_elevator_lobby_asterisk, uniq_grinder
D:6:      layout_rooms
Temple:   minmay_temple_bridge_abc

Skill      XL: |  1  2  3  4  5  6  7 |
---------------+----------------------+-----
Long Blades    | 3 4 5 6 |  6.7
Dodging        | 1 2 3 |  3.7
Shields        | 4 5 |  5.6
Armour         | 4 5 |  5.7
Fighting       | 4 5 |  5.6

Action                     |  1- 3 |  4- 6 |  7- 9 || total
---------------------------+-------+-------+-------++-------
  Melee: Long sword        |    98 |   143 |    47 ||   288
         Headbutt          |    13 |    27 |    13 ||    53
    Use: Potion            |       |     2 |       ||     2
 Armour: Scale mail        |    50 |    69 |       ||   119
         Robe              |       |       |     6 ||     6
  Dodge: Dodged            |    60 |    86 |    13 ||   159
  Block: Buckler           |    27 |    31 |    19 ||    77

Table legend: (Time is in decaauts)
 A = Elapsed time spent in this place.
 B = Non-inter-level travel time spent in this place.
 C = Inter-level travel time spent in this place.
 D = Time resting spent in this place.
 E = Time spent auto-exploring this place.
 F = Levels seen in this place.
 G = Mean time per level.
                   A        B        C        D        E       F      G
               +--------+--------+--------+--------+--------+-----+--------+
         Total |   3828 |   3712 |    116 |      0 |   2914 |   7 |  546.9 |
       Dungeon |   3782 |   3685 |     97 |      0 |   2897 |   6 |  630.3 |
        Temple |     45 |     26 |     19 |      0 |     17 |   1 |   45.0 |
               +--------+--------+--------+--------+--------+-----+--------+

Top non-repeatable levels by time:
     D:5: 1055 daAuts
     D:3: 786 daAuts
     D:4: 719 daAuts
     D:1: 575 daAuts
     D:2: 561 daAuts
     D:6: 83 daAuts
  Temple: 45 daAuts
